 Dungeon Crawl Stone Soup version 0.24-a0-139-geb6712d (webtiles) character file.

Game seed: 12028954477154364270

188 Anon1729 the Skirmisher (level 5, -1/37 HPs)
             Began as an Octopode Fighter on Mar 2, 2019.
             Killed by divine providence
             ... invoked by an orc priest
              (15 damage)
             ... on level 3 of the Dungeon.
             The game lasted 00:03:23 (3391 turns).

Anon1729 the Skirmisher (Octopode Fighter)          Turns: 3391, Time: 00:03:24

Health: -1/37      AC:  1    Str: 16    XL:     5   Next: 67%
Magic:  5/5        EV: 12    Int: 11    God:
Gold:   174        SH:  9    Dex: 11    Spells: 4/4 levels left

rFire    . . .     SeeInvis .     - Unarmed
rCold    . . .     Gourm    .   a - +0 shield
rNeg     . . .     Faith    .   (helmet restricted)
rPois    .         Spirit   .   (no amulet)
rElec    .         Reflect  .   (no ring)
rCorr    .         Harm     .   (no ring)
MR       .....                  (no ring)
Stlth    +++.......             (no ring)
HPRegen  0.12/turn              (no ring)
MPRegen  0.09/turn              (no ring)
                                (no ring)
                                (no ring)

@: no status effects
A: almost no armour, stealthy swim, amphibious, 8 rings, constrict 8, camouflage
1, gelatinous body 1
a: no special abilities


You were on level 3 of the Dungeon.
You were not hungry.

You visited 1 branch of the dungeon, and saw 3 of its levels.

You collected 174 gold pieces.

Inventory:

Armour
 a - a +0 shield (worn)
Jewellery
 p - an uncursed amulet of guardian spirit {unknown}
Wands
 n - a wand of paralysis (16)
Scrolls
 d - 2 scrolls of identify
 f - a scroll of fear
 g - a scroll of enchant armour
 i - 3 scrolls of magic mapping
 j - a scroll of enchant weapon {unknown}
Potions
 b - a potion of might
 e - a potion of haste {unknown}
 h - a potion of curing
 k - 2 potions of lignification {unknown}
 m - a potion of flight {unknown}
 o - a potion of invisibility {unknown}
 q - a potion of heal wounds {unknown}
Comestibles
 c - 4 rations
 l - a chunk of flesh


   Skills:
 + Level 3.8 Fighting
 + Level 3.8 Dodging
 + Level 2.9 Stealth
 + Level 3.8 Shields
 + Level 3.0 Unarmed Combat


You had 4 spell levels left.
You didn't know any spells.
Your spell library contained the following spells:

 Spells                   Type           Power        Failure   Level  Hunger
 Confusing Touch          Hex            #.....       83%         1    ##.....
 Confuse                  Hex            #.......     99%         3    ####...
 Gell's Gravitas          Tloc           #.........   99%         3    ####...
 Petrify                  Tmut/Erth      #.......     100%        4    #####..
 Metabolic Englaciation   Hex/Ice        #.........   100%        5    ######.
 Yara's Violent Unravell  Hex/Tmut       #.........   100%        5    ######.


Dungeon Overview and Level Annotations

Branches:
Dungeon (3/15)

Altars:


Innate Abilities, Weirdness & Mutations

You cannot wear most types of armour.
You are very stealthy in the water. (Stealth+)
You are amphibious.
You can wear up to eight rings at the same time.
You can use your tentacles to constrict eight enemies at once.
Your skin changes colour to match your surroundings (Stealth+).
Your rubbery body absorbs attacks. (AC +1, EV +1)


Message History

You are too injured to fight recklessly!
You are too injured to fight recklessly!
You are too injured to fight recklessly!
You are too injured to fight recklessly!
You are too injured to fight recklessly!
Evoke which item? (* to show all) (? for menu, Esc to quit)
Aiming: Paralyse
Press: ? - help, Shift-Dir - straight line, f - orc priest
Aim: an orc priest (chance to defeat MR: 46%) Nothing appears to happen.
You hear some strange, mumbled words.
A puff of flame appears from out of thin air!
The puff of flame hits you!
* * * LOW HITPOINT WARNING * * *
Evoke which item? (* to show all) (? for menu, Esc to quit)
Okay, then.
It was a potion of curing.
You feel better.
The orc priest mumbles some strange prayers to Beogh against you.
Beogh smites you!
You die...

#...########
####..........(...
........########.#
#####.#.# #.#
......#.# #.#
#######.# #.#
####.# #o# #
#....# #{#
####.##.### #@#
.#.......PP...##.#
.....≈≈≈P.....##.#
#.....≈≈......##.#
#)P....≈≈≈)...##.#
.#....≈≈≈≈≈P.P##.#
##.P.≈≈≈≈≈≈≈...#.#
#..≈≈≈≈≈≈≈≈≈≈..#.#
..P≈≈≈≈≈≈≈≈≈≈....#


You could see an orc priest.

Vanquished Creatures
  An orc priest (D:3)
  A gnoll (D:1)
  6 adders
  A shadow imp (D:3)
  An ooze (D:3)
  A worm (D:3)
  3 dart slugs
  3 leopard geckos
  7 orcs (D:3)
  3 giant cockroaches (D:3)
  7 goblins
  2 hobgoblins (D:1)
  6 jackals (D:2)
  5 kobolds
  2 quokkas
  9 bats
  A frilled lizard (D:2)
  5 rats
64 creatures vanquished.

Notes
Turn   | Place    | Note
-------+----------+-------------------------------------------
     0 | D:1      | Anon1729 the Octopode Fighter began the quest for the Orb.
     0 | D:1      | Reached XP level 1. HP: 16/16 MP: 1/1
    17 | D:1      | Reached XP level 2. HP: 6/21 MP: 2/2
   411 | D:1      | Reached XP level 3. HP: 22/26 MP: 3/3
   412 | D:1      | Reached skill level 1 in Stealth
  1569 | D:2      | Reached XP level 4. HP: 24/31 MP: 4/4
  2430 | D:3      | Reached XP level 5. HP: 27/37 MP: 5/5
  2983 | D:3      | Found a faded altar of an unknown god.
  3391 | D:3      | Killed from afar by an orc priest

Levels and vault maps discovered:
D:1:      dpeg_arrival_simpleton_a, layout_basic
D:2:      layout_basic
D:3:      layout_loops_ring, chequers_ecumenical_altar_island, first_ration,
          guppyfry_early_lair_pool

Skill      XL: |  1  2  3  4  5 |
---------------+----------------+-----
Stealth        | 1 2 |  2.9
Unarmed Combat | 3 |  3.0
Fighting       | |  3.8
Dodging        | |  3.8
Shields        | |  3.8

Action                   |  1- 3 |  4- 6 || total
-------------------------+-------+-------++-------
Melee: Unarmed           |    79 |   104 ||   183
       Constrict         |    25 |    30 ||    55
       Tentacles         |    12 |    14 ||    26
       Punch             |     2 |     3 ||     5
Evoke: Wand              |       |     1 ||     1
  Use: Scroll            |     5 |       ||     5
       Potion            |       |     1 ||     1
 Stab: Sleeping          |     7 |     8 ||    15
  Eat: Chunk             |     2 |     6 ||     8
Armor: Skin              |     5 |     5 ||    10
Dodge: Dodged            |    34 |    36 ||    70
Block: Shield            |    36 |    27 ||    63

Table legend:
 A = Non-vault XP
 B = Vault XP
 C = Vault XP percentage of total XP
 D = Non-vault monster count
 E = Vault monster count
 F = Vault count percentage of total count
                 A         B        C        D         E       F
            +---------+---------+-------+---------+---------+-------
      Total |     269 |       0 |   0.0 |      64 |       0 |   0.0
            +---------+---------+-------+---------+---------+-------
        D:1 |      41 |       0 |   0.0 |      15 |       0 |   0.0
        D:2 |      77 |       0 |   0.0 |      23 |       0 |   0.0
        D:3 |     151 |       0 |   0.0 |      26 |       0 |   0.0
            +---------+---------+-------+---------+---------+-------
